 Dungeon Crawl Stone Soup version 0.31-a0-259-g771a54ca4b (webtiles) character file.

Game seed: 8297365256509323079

121 qw the Shooter (level 5, -9/35 HPs)
             Began as a Gargoyle Hexslinger on July 13, 2023.
             Killed by divine providence
             ... invoked by an orc priest
              (12 damage)
             ... on level 3 of the Dungeon.
             The game lasted 00:00:38 (1647 turns).

qw the Shooter (Gargoyle Hexslinger)                Turns: 1647, Time: 00:00:38

Health: -9/35      AC: 13    Str: 11    XL:     5   Next: 5%
Magic:  6/6        EV: 10    Int: 17    God:
Gold:   148        SH:  0    Dex: 13    Spells: 5/6 levels left

rFire   . . .        Y - +1 sling
rCold   . . .        (no shield)
rNeg    + . .        d - +0 ring mail
rPois   inf          (no helmet)
rElec   +            (no cloak)
rCorr   .            (no gloves)
SInv    +            (no boots)
Will    .....        (no amulet)
Stlth   +            c - +4 ring of protection
HPRegen 0.25/turn    (no ring)
MPRegen 0.10/turn

%: no passive effects
@: no status effects
A: sickness immunity, AC +4, negative energy resistance 1, electricity
resistance, torment resistance 1, petrification resistance, see invisible,
clever 1, robust 1
a: no special abilities


You were on level 3 of the Dungeon.
You visited 1 branch of the dungeon, and saw 3 of its levels.

You collected 148 gold pieces.


Innate Abilities, Weirdness & Mutations

You are immune to sickness and miasma.
Your stone body is resilient. (AC +4)
You are immune to poison.
You resist negative energy. (rN+)
You are resistant to electric shocks. (rElec)
You are resistant to unholy torment.
You are immune to petrification.
You have supernaturally acute eyesight. (SInv)
Your mind is acute. (Int +4, Str/Dex -1)
You are robust. (+10% HP)


   Skills:
 - Level 2.9 Fighting
 - Level 4.1 Ranged Weapons
 + Level 0.9 Armour
 - Level 1.5 Dodging
 - Level 1.0 Spellcasting
 - Level 2.6 Hexes


You had 5 spell levels left.
You knew the following spells:

 Your Spells              Type           Power      Damage    Failure   Level
a - Slow                  Hex            36%        N/A       17%         1

Your spell library contained the following spells:

 Spells                   Type           Power      Damage    Failure   Level
 Inner Flame              Hex/Fire       5%         N/A       65%         3
 Portal Projectile        Hex/Tloc       10%        N/A       65%         3
 Cause Fear               Hex            4%         N/A       86%         4

Inventory:

Hand Weapons
 Y - a +1 sling (weapon)
Armour
 d - a +0 ring mail (worn)
Jewellery
 c - a +4 ring of protection (left hand)
Scrolls
 b - a scroll of enchant armour
Potions
 a - a potion of haste {unknown}
 e - a potion of mutation
 g - a potion of enlightenment {unknown}

Dungeon Overview and Level Annotations

Branches:
Dungeon (3/15)

Altars:
Nemelex Xobeh

Annotations:
D:2 1 runed translucent door, Crazy Yiuf
D:3 Grinder


Message History

The sling bullet barely misses the adder.
The orc barely misses you. The orc closely misses you.
The adder closely misses you.
You shoot a sling bullet. The sling bullet hits the adder.
The adder is almost dead.
The adder closely misses you.
An orc priest comes into view. It is wielding a +0 short sword.
An orc wizard comes into view. It is wielding a +0 dagger.
The orc hits you but does no damage. The orc barely misses you.
The adder bites you but does no damage.
The orc wizard gestures wildly while chanting.
The orc wizard flickers and vanishes for a moment.
The orc hits you but does no damage. The orc closely misses you.
You shoot a sling bullet. The sling bullet misses the adder.
The adder bites you but does no damage. The orc hits you but does no damage.
The orc barely misses you. The adder bites you but does no damage.
You shoot a sling bullet. The sling bullet hits the adder.
The adder is almost dead.
The adder barely misses you. The orc hits you with a +0 short sword.
The adder bites you but does no damage. The orc closely misses you.
The orc hits you but does no damage.
You shoot a sling bullet. The sling bullet hits the adder.
You kill the adder!
The orc hits you but does no damage.
You have reached level 5!
You shoot a sling bullet.
The sling bullet closely misses the orc.
The orc priest mumbles some strange prayers to Beogh against you.
Beogh smites you! The orc hits you but does no damage. x2
You shoot a sling bullet. The sling bullet hits the orc!
You kill the orc!
The orc hits you but does no damage.
You shoot a sling bullet.
The sling bullet hits the orc but does no damage.
The orc barely misses you.
You shoot a sling bullet. The sling bullet hits the orc.
The orc is moderately wounded.
The orc priest invokes the aid of Beogh against you.
Beogh smites you!
You die... +## .... ..## _.. ..' .. .5# .. ##o ..# ... oo#o.

#....
+##+##+##o##'.....
#.....#..)@.#
#.....#.....#
###'##'##+###
#.....#
.............
#.#####
..........?. #.#
#........... #.#
#...........
##.####
#...........
#.....#
#...........


You could see an orc priest, 2 orc wizards and an orc.

Vanquished Creatures
  Terence (D:2)
  An orc wizard (D:3)
  3 adders
  A dart slug (D:1)
  An orc (D:3)
  4 endoplasms
  3 giant cockroaches
  3 goblins
  3 hobgoblins
  4 kobolds
  3 quokkas
  4 ball pythons
  6 bats
  2 frilled lizards (D:2)
  3 rats (D:1)
42 creatures vanquished.

Notes
Turn   | Place    | Note
-------+----------+-------------------------------------------
     0 | D:1      | qw the Gargoyle Hexslinger began the quest for the Orb.
     0 | D:1      | Reached XP level 1. HP: 12/12 MP: 2/2
     0 | D:1      | 0 ||| qw: Version: 0.3-a-52-g30416fa
     0 | D:1      | 0 ||| qw: Game counter: 6868
     0 | D:1      | 0 ||| qw: Melee chars always use a shield: true
     0 | D:1      | 0 ||| qw: God list: Okawaru
     0 | D:1      | 0 ||| qw: Allow faded altars: false
     0 | D:1      | 0 ||| qw: Do Orc after clearing Dungeon:15 true
     0 | D:1      | 0 ||| qw: Do second Lair branch before Depths: true
     0 | D:1      | 0 ||| qw: Lair rune preference: random
     0 | D:1      | 0 ||| qw: Goals: Normal
     0 | D:1      | 0 ||| PLANNING D:1-11
    98 | D:1      | Reached XP level 2. HP: 14/16 MP: 3/3
   167 | D:1      | Reached skill level 3 in Ranged Weapons
   520 | D:1      | 520 ||| UPGRADING to +0 ring mail.
   530 | D:1      | 530 ||| DROPPING +0 robe.
   531 | D:1      | 531 ||| READING scroll labelled JUK BOICUYHA.
   535 | D:1      | 535 ||| READING scroll labelled TETWIU BUESAQU.
   536 | D:1      | 536 ||| DRINKING 2 fuming green potions.
   536 | D:1      | Gained mutation: You are robust. (+10% HP) [potion of
                  | mutation]
   536 | D:1      | Gained mutation: You have supernaturally acute eyesight.
                  | (SInv) [potion of mutation]
   536 | D:1      | Gained mutation: Your mind is acute. (Int +4, Str/Dex -1)
                  | [potion of mutation]
   538 | D:1      | 538 ||| DROPPING scroll of poison.
   562 | D:2      | 562 ||| STAIRDANCE
   592 | D:2      | Noticed Terence
   606 | D:2      | HP: 3/18 [Terence/+0 short sword (2)]
   610 | D:2      | HP: 1/18 [Terence/+0 short sword (3)]
   611 | D:2      | Killed Terence
   612 | D:2      | Reached XP level 3. HP: 2/24 MP: 4/4
   617 | D:2      | HP: 2/24 [goblin/+0 dagger (1)]
   767 | D:2      | Reached XP level 4. HP: 19/29 MP: 5/5
  1089 | D:2      | Found a runed translucent door.
  1090 | D:2      | Noticed Crazy Yiuf
  1138 | D:2      | Found a faded altar of an unknown god.
  1531 | D:2      | 1531 ||| UPGRADING to +4 ring of protection.
  1532 | D:2      | 1532 ||| READING 2 scrolls labelled GYAXKI ZY NUX.
  1611 | D:3      | Noticed Grinder
  1612 | D:3      | 1612 ||| Stepping ~*~*~tactically~*~*~ (outnumbered).
  1613 | D:3      | 1613 ||| Stepping ~*~*~tactically~*~*~ (outnumbered).
  1613 | D:3      | Found a sparkling altar of Nemelex Xobeh.
  1625 | D:3      | Reached skill level 4 in Ranged Weapons
  1629 | D:3      | Paralysed by Grinder for 3 turns
  1644 | D:3      | Reached XP level 5. HP: 16/35 MP: 6/6
  1644 | D:3      | HP: 2/35 [orc priest/divine providence (14)]
  1647 | D:3      | Killed from afar by an orc priest

Levels and vault maps discovered:
D:1:      dpeg_arrival_fog, layout_basic, chequers_serial_rivers_large_b,
          minmay_hexomino_u4
D:2:      layout_loops_ring, shapermc_ecumenical_altar_mp_vishouse,
          hangedman_decor_growths, dk_noncrumbling_4, uniq_terence,
          uniq_crazy_yiuf_cottage
D:3:      layout_rooms, nicolae_uskayaw_en_pointe, mainiacjoe_overflow_catwalk,
          mainiacjoe_overflow_24_doors, jmf_multi_god_temple, uniq_natasha,
          uniq_grinder

Skill      XL: |  1  2  3  4 |
---------------+-------------+-----
Ranged Weapons | 3 4 |  4.1
Fighting       | 2 |  2.9
Armour         | |  0.9
Dodging        | |  1.5
Spellcasting   | |  1.0
Hexes          | |  2.6

Action                     |  1- 3 |  4- 6 || total
---------------------------+-------+-------++-------
   Fire: Sling             |   102 |    75 ||   177
    Use: Scroll            |     2 |     1 ||     3
         Potion            |     1 |       ||     1
 Armour: Robe              |     9 |       ||     9
         Ring mail         |    48 |    63 ||   111
  Dodge: Dodged            |    66 |    53 ||   119

Table legend:
 A = Non-vault XP
 B = Vault XP
 C = Vault XP percentage of total XP
 D = Non-vault monster count
 E = Vault monster count
 F = Vault count percentage of total count
                 A         B        C        D         E       F
            +---------+---------+-------+---------+---------+-------
      Total |     129 |      45 |  25.9 |      36 |       6 |  14.3
            +---------+---------+-------+---------+---------+-------
        D:1 |      22 |       9 |  29.0 |      13 |       5 |  27.8
        D:2 |      40 |      36 |  47.4 |      18 |       1 |   5.3
        D:3 |      67 |       0 |   0.0 |       5 |       0 |   0.0
            +---------+---------+-------+---------+---------+-------
